 Dungeon Crawl Stone Soup version 0.27-a0-984-g00e00afbbc (webtiles) character file.

Game seed: 9976024324922478594

1103 Froggeryz the Cleaver (level 8, -3/58 HPs)
             Began as a Formicid Fighter on Apr 15, 2021.
             Slain by an ogre
             ... wielding a +0 giant club
              (29 damage)
             ... on level 3 of the Dungeon.
             The game lasted 00:04:06 (4423 turns).

Froggeryz the Cleaver (Formicid Fighter)            Turns: 4423, Time: 00:04:07

Health: -3/58      AC:  8    Str: 23    XL:     8   Next: 58%
Magic:  8/8        EV:  9    Int:  8    God:
Gold:   96         SH: 11    Dex: 10    Spells: 7/7 levels left

rFire    . . .     SeeInvis +   a - +0 war axe
rCold    . . .     Faith    .   c - +0 kite shield
rNeg     . . .     Spirit   .   b - +0 scale mail
rPois    +         Reflect  .   (helmet unavailable)
rElec    .         Harm     .   o - +0 cloak
rCorr    .         Rampage  .   (no gloves)
Will     .....                  (no boots)
Stlth    ..........             (no amulet)
HPRegen  0.19/turn              s - ring of poison resistance
MPRegen  0.11/turn              (no ring)

@: no status effects
A: permanent stasis, dig shafts and tunnels, antennae 3, four strong arms
a: Dig, Shaft Self


You were on level 3 of the Dungeon.
You visited 2 branches of the dungeon, and saw 6 of its levels.

You collected 156 gold pieces.
You spent 60 gold pieces at shops.

Inventory:

Hand Weapons
 a - a +0 war axe (weapon)
Armour
 b - a +0 scale mail (worn)
 c - a +0 kite shield (worn)
 o - a +0 cloak (worn)
Jewellery
 s - a ring of poison resistance (left hand)
Scrolls
 e - 3 scrolls of identify {unknown}
 g - 3 scrolls of fog
 i - a scroll of enchant armour {unknown}
 j - 2 scrolls of magic mapping
 m - a scroll of fear {unknown}
 n - a scroll of noise {unknown}
 p - a scroll of enchant weapon {unknown}
 q - a scroll of vulnerability {unknown}
 r - a scroll of silence {unknown}
 t - a scroll of teleportation {unknown}
Potions
 d - 2 potions of might
 f - 2 potions of heal wounds
 h - a potion of flight
 k - a potion of curing {unknown}
 l - a potion of invisibility


   Skills:
 - Level 3.2 Fighting
 * Level 8.1 Axes
 - Level 3.2 Armour
 + Level 7.5 Shields


You had 7 spell levels left.
You didn't know any spells.
Your spell library contained the following spells:

 Spells                   Type           Power      Damage    Failure   Level
 Magic Dart               Conj           0%         1d3       83%         1
 Shock                    Conj/Air       0%         1d3       83%         1
 Searing Ray              Conj           0%         3d3       92%         2
 Static Discharge         Conj/Air       0%         N/A       92%         2
 Dazzling Flash           Conj/Hex       0%         N/A       99%         3
 Airstrike                Air            0%         N/A       100%        4
 Fulminant Prism          Conj/Hex       0%         3d6       100%        4
 Iskenderun's Mystic Bla  Conj/Tloc      0%         2d3       100%        4
 Lightning Bolt           Conj/Air       0%         1d11      100%        5
 Swiftness                Air            Unusable   N/A       N/A         3

Dungeon Overview and Level Annotations

Branches:
Dungeon (5/15)             Temple (1/1) D:5

Altars:
Ashenzari
Cheibriados
Dithmenos
Elyvilon
Gozag
Hepliaklqana
Kikubaaqudgha
Makhleb
Qazlal
Ru
Sif Muna
Trog
Uskayaw
Vehumet
Wu Jian
Xom
Yredelemnul
The Shining One

Shops:
D:3 ?

Annotations:
D:3 1 transporter, Howlingfantods's ghost, weakling MiFi


Innate Abilities, Weirdness & Mutations

You cannot be hasted, slowed, berserked, paralysed or teleported.
You can dig through walls and to a lower floor.
You have a pair of large antennae on your head. (SInv)
Your four strong arms can wield two-handed weapons with a shield.


Message History

The ogre is heavily wounded.
You hit the ogre. You block the ogre's attack. The ogre barely misses you.
You feel much better.
The ogre hits you with a +5 great mace!!
* * * LOW HITPOINT WARNING * * *
You feel much better.
The ogre hits you with a +0 giant spiked club!
You slash the ogre!
The ogre is almost dead.
You slash the ogre!
You kill the ogre!
You block the ogre's attack.
You slash the ogre!
You kill the ogre!
You hit Howlingfantods's ghost.
Howlingfantods's ghost barely misses you.
The ogre barely misses you.
Your Axes skill increases to level 8!
You completely miss the ogre.
You closely miss Howlingfantods's ghost.
Howlingfantods's ghost hits you but does no damage.
You slash the ogre!
The ogre is moderately wounded.
You hit Howlingfantods's ghost. The ogre barely misses you.
You block Howlingfantods's ghost's attack.
You hit the ogre.
The ogre is heavily wounded.
You hit Howlingfantods's ghost. You block the ogre's attack.
You block Howlingfantods's ghost's attack.
Howlingfantods's ghost barely misses you.
You barely miss the ogre.
The ogre is heavily wounded.
You barely miss Howlingfantods's ghost. You block the ogre's attack.
Howlingfantods's ghost hits you.
You hit the ogre.
The ogre is heavily wounded.
You hit Howlingfantods's ghost.
The ogre hits you with a +0 giant club!!
Ouch! That really hurt!
You die...

.....# #.#..##..#...##...#
#.#
.....####.#..##..#(..##.###
#.#
.........©#.#..#.#...##.#
#.#
.....##...#[....©#...##.#
#.#
.....###.©#[#..#.#...##.#
#.# .....#
##.#..##..#...##.# #.#
.....# #.#..##..#....#.#
#.#
.....####.#.#..#O######.#
#.# ##........#....W@# #.#
#.# ##........######## #.#
#.# ##........##
#########<# #.# ##........#
#.........# #.##
##(.......# #.........#
#...
##........#####.........#
##.#
##......................#
#.#
##........#####.#########
##'# ##.######.# #.# ##.).


You could see an ogre and Howlingfantods's ghost.

Vanquished Creatures
  Sigmund (D:5)
  2 ogres (D:3)
  A black bear (D:5)
  A necrophage (D:5)
  A centaur (D:5)
  A phantom (D:4)
  A water moccasin zombie (D:5)
  2 orc priests
  2 bullfrog skeletons (D:5)
  A hound (D:5)
  An iguana (D:5)
  2 orc wizards (D:5)
  Natasha (thrice) (D:2)
  A hound zombie (D:5)
  A gnoll (D:1)
  2 adders (D:3)
  2 worms (D:3)
  2 dart slugs (D:1)
  5 orcs (D:3)
  4 ball pythons
  5 bats
  5 endoplasms
  3 giant cockroaches
  A goblin (D:1)
  5 hobgoblins
  3 quokkas (D:1)
  2 frilled lizards (D:1)
  8 kobolds
  A rat (D:2)
  A spectral orc (D:3)
70 creatures vanquished.

Notes
Turn   | Place    | Note
-------+----------+-------------------------------------------
     0 | D:1      | Froggeryz the Formicid Fighter began the quest for the Orb.
     0 | D:1      | Reached XP level 1. HP: 18/18 MP: 1/1
    78 | D:1      | Reached XP level 2. HP: 19/24 MP: 2/2
   368 | D:1      | Reached XP level 3. HP: 29/29 MP: 3/3
   399 | D:1      | Reached skill level 3 in Axes
  1181 | D:2      | Noticed Natasha
  1188 | D:2      | Killed Natasha
  1189 | D:2      | Reached XP level 4. HP: 32/35 MP: 4/4
  1411 | D:2      | Noticed Natasha
  1418 | D:2      | Killed Natasha
  1419 | D:2      | Reached skill level 4 in Axes
  1738 | D:2      | Noticed Natasha
  1748 | D:2      | Killed Natasha
  1749 | D:2      | Reached XP level 5. HP: 23/41 MP: 5/5
  1989 | D:3      | Reached skill level 5 in Shields
  2404 | D:3      | You fall into a shaft and drop 2 floors!
  2404 | D:5      | Entered Level 5 of the Dungeon
  2414 | D:5      | Reached XP level 6. HP: 42/47 MP: 6/6
  2488 | D:5      | Found a staircase to the Ecumenical Temple.
  2497 | Temple   | Entered the Ecumenical Temple
  2729 | D:5      | Noticed a necrophage
  2736 | D:5      | Killed a necrophage
  2737 | D:5      | Reached skill level 5 in Axes
  2879 | D:5      | Reached XP level 7. HP: 41/52 MP: 7/7
  2885 | D:5      | Reached skill level 6 in Axes
  3515 | D:5      | Noticed Sigmund
  3531 | D:5      | Killed Sigmund
  3532 | D:5      | Reached skill level 7 in Axes
  3532 | D:5      | Reached XP level 8. HP: 52/58 MP: 8/8
  3808 | D:3      | Found a hazy altar of Hepliaklqana.
  3870 | D:3      | Noticed Howlingfantods's ghost (weakling MiFi)
  3943 | D:3      | Found Edaos's Magic Scroll Emporium.
  3946 | D:3      | Bought a scroll of fog for 22 gold pieces
  3946 | D:3      | Bought a scroll of magic mapping for 38 gold pieces
  3992 | D:3      | Found a bloodstained altar of Trog.
  4228 | D:3      | Found a transporter.
  4238 | D:3      | Found a transporter.
  4419 | D:3      | Reached skill level 8 in Axes
  4423 | D:3      | Slain by an ogre

Illustrated notes

Levels and vault maps discovered:
D:1:      elethiomel_arrival_quiet, layout_basic
D:2:      layout_loops_ring, minmay_tree_intersection, uniq_natasha
D:3:      layout_basic, nicolae_hepliaklqana_monster_ancestors,
          general_overflow_altar, gammafunk_ghost_smash, serial_shops,
          nicolae_shop_behind_doors
D:4:      layout_loops_corners
D:5:      layout_layer_cave, minmay_temple_entry_wispy,
          amcnicky_mini_pool_small, kennysheep_doodads, grunt_ministairs_6,
          minmay_misc_feat_more_columns, minivault_19, minmay_diced_spiral,
          uniq_sigmund
Temple:   eino_temple_rhombus

Skill      XL: |  1  2  3  4  5  6  7  8 |
---------------+-------------------------+-----
Shields        | 4 5 6 7 |  7.5
Axes           | 3 4 5 7 8 |  8.1
Fighting       | |  3.2
Armour         | |  3.2

Action                   |  1- 3 |  4- 6 |  7- 9 || total
-------------------------+-------+-------+-------++-------
Melee: War axe           |    62 |    86 |   110 ||   258
 Abil: Dig               |       |     1 |       ||     1
  Use: Potion            |       |     1 |     3 ||     4
Armor: Scale mail        |    28 |    35 |    30 ||    93
Dodge: Dodged            |    23 |    30 |    27 ||    80
Block: Kite shield       |    39 |    46 |    72 ||   157

Table legend: (Time is in decaauts)
 A = Elapsed time spent in this place.
 B = Non-inter-level travel time spent in this place.
 C = Inter-level travel time spent in this place.
 D = Time resting spent in this place.
 E = Time spent auto-exploring this place.
 F = Levels seen in this place.
 G = Mean time per level.
                   A        B        C        D        E       F      G
               +--------+--------+--------+--------+--------+-----+--------+
         Total |   4514 |   4381 |    133 |    622 |   3024 |   6 |  752.3 |
       Dungeon |   4300 |   4187 |    113 |    622 |   2832 |   5 |  860.0 |
        Temple |    214 |    194 |     20 |      0 |    192 |   1 |  214.0 |
               +--------+--------+--------+--------+--------+-----+--------+

Top non-repeatable levels by time:
     D:2: 1122 daAuts
     D:1: 1084 daAuts
     D:3: 970 daAuts
     D:5: 939 daAuts
  Temple: 214 daAuts
     D:4: 183 daAuts
